 Dungeon Crawl Stone Soup version 0.31-a0-344-gd109795599 (webtiles) character file.

Game seed: 11817536850934447142

469 GordonOverkill the Sneak (level 6, 0/48 HPs)
             Began as a Mummy Delver on July 22, 2023.
             Killed from afar by Maggie (7 damage)
             ... with a bolt of fire
             ... on level 6 of the Dungeon.
             The game lasted 00:07:03 (1746 turns).

GordonOverkill the Sneak (Mummy Delver)             Turns: 1746, Time: 00:07:03

Health: 0/48       AC:  5    Str: 15    XL:     6   Next: 82%
Magic:  6/6        EV: 11    Int: 12    God:
Gold:   47         SH:  0    Dex: 13    Spells: 5/5 levels left

rFire   x . .        g - +0 dagger (venom)
rCold   + . .        (no shield)
rNeg    + + +        b - +0 leather armour
rPois   ∞            j - +1 helmet
rElec   .            (no cloak)
rCorr   .            (no gloves)
SInv    .            (no boots)
Will    .....        (no amulet)
Stlth   +++          (no ring)
HPRegen 0.28/turn    (no ring)
MPRegen 0.10/turn

%: faith
@: mesmerised
A: cold resistance 1, negative energy resistance 3, torment resistance 2, heat
vulnerability 1, in touch with death 1, no potions, faith
a: no special abilities


You were on level 6 of the Dungeon.
You visited 1 branch of the dungeon, and saw 5 of its levels.

You collected 47 gold pieces.

Inventory:

Hand Weapons
 a - a +0 short sword
 g - a +0 dagger of venom (weapon)
 k - a +2 trident of venom
Missiles
 e - 4 boomerangs of dispersal (quivered)
Armour
 b - a +0 leather armour (worn)
 j - a +1 helmet (worn)
Wands
 f - a wand of digging (3)
 m - a wand of iceblast (10)
Scrolls
 c - 3 scrolls of fog
 d - a scroll of revelation
 h - 3 scrolls of identify {unknown}
 i - a scroll of noise {unknown}
 l - a scroll of teleportation {unknown}


   Skills:
 + Level 4.3 Fighting
 - Level 5.0 Short Blades
 - Level 1.5 Dodging
 - Level 5.0 Stealth
 + Level 0.0 Evocations


You had 5 spell levels left.
You didn't know any spells.
Your spell library was empty.

Dungeon Overview and Level Annotations

Branches:
Dungeon (6/15)
 Temple: D:4-7

Altars:

Annotations:
D:5 exclusion: downstairs
D:6 Maggie


Innate Abilities, Weirdness & Mutations

You are immune to poison.
Your flesh is cold resistant. (rC+)
You are immune to negative energy. (rN+++)
You are immune to unholy pain and torment.
You are vulnerable to heat. (rF-)
You are in touch with the powers of death.
You do not drink.
You have a special connection with the divine. (Faith)


Message History

Unknown command.
The helpless Maggie fails to defend herself.
You impale Maggie!!
Maggie looks as sick as possible!
Maggie is moderately wounded.
Maggie zaps a wand.
The puff of flame hits you! The fire burns you terribly!
You hit Maggie but do no damage.
Maggie looks as sick as possible!
You punch Maggie, but do no damage.
Maggie is moderately wounded.
Maggie casts a spell.
Maggie attempts to bespell you!
You are mesmerised by Maggie!
You barely miss Maggie.
Maggie is heavily wounded.
Maggie barely misses you.
You hit Maggie.
Maggie looks as sick as possible!
Maggie is heavily wounded.
You closely miss Maggie.
Maggie is heavily wounded.
Maggie zaps a wand.
The puff of flame hits you! The fire burns you terribly!
* * * LOW HITPOINT WARNING * * *
You hit Maggie but do no damage.
Maggie looks as sick as possible!
Maggie is heavily wounded.
Maggie points at you and mumbles some strange words.
The bolt of fire misses you.
You closely miss Maggie.
Maggie is heavily wounded.
Maggie zaps a wand.
The puff of flame hits you! The fire burns you terribly!
* * * LOW HITPOINT WARNING * * *
Okay, then.
You hit Maggie but do no damage.
Maggie is heavily wounded.
You closely miss Maggie.
Maggie is severely wounded.
Maggie hits you with a +0 long sword!
* * * LOW HITPOINT WARNING * * *
You hit Maggie but do no damage.
Maggie looks as sick as possible!
Maggie is severely wounded.
Maggie points at you and mumbles some strange words.
The bolt of fire hits you! The fire burns you terribly!
You die...

.# #.# #.# #.#
.. #.# .# #.# .#
####.##.#
#.@.....#
#@##.##.##
#.#.#....#
#.##.#...# #.
#.#...# ## #.
#.#.### .. ..
#.#.# #. ##
#.#.# #.
#.#.###########[


You could see Maggie (mesmerising, extremely poisoned).

Vanquished Creatures
  A black bear (D:4)
  An ice beast (D:5)
  2 scorpions (D:5)
  A hound (D:5)
  An orc wizard (D:4)
  An iguana (D:5)
  Robin (D:3)
  3 adders (D:4)
  A shadow imp (D:5)
  2 worms (D:4)
  7 orcs
  An endoplasm (D:4)
  8 goblins
  3 hobgoblins (D:4)
  3 jackals
  A quokka (D:5)
37 creatures vanquished.

Notes
Turn   | Place    | Note
-------+----------+-------------------------------------------
     0 | D:5      | GordonOverkill the Mummy Delver began the quest for the
                  | Orb.
     0 | D:5      | Reached XP level 1. HP: 18/18 MP: 1/1
     1 | D:6      | Noticed an ogre
    33 | D:4      | Noticed a black bear
    64 | D:4      | Reached XP level 2. HP: 17/24 MP: 2/2
   271 | D:3      | Noticed Robin
   283 | D:4      | Reached skill level 5 in Stealth
   283 | D:4      | Gained mutation: You are in touch with the powers of death.
                  | [Mummy growth]
   283 | D:4      | Reached XP level 3. HP: 11/29 MP: 3/3
   648 | D:3      | Killed Robin
   649 | D:3      | Reached XP level 4. HP: 32/35 MP: 4/4
   849 | D:4      | Killed a black bear
   850 | D:4      | Reached XP level 5. HP: 10/41 MP: 5/5
  1326 | D:5      | Reached XP level 6. HP: 28/47 MP: 6/6
  1481 | D:5      | Noticed an ice beast
  1506 | D:5      | Killed an ice beast
  1507 | D:5      | Reached skill level 5 in Short Blades
  1735 | D:6      | Noticed Maggie
  1746 | D:6      | Killed from afar by Maggie

Illustrated notes

Levels and vault maps discovered:
D:2:      cheibrodos_pilgrimage, layout_loops_ring, serial_shops,
          nicolae_shop_back_alley_shop, serial_bayou_pond_c, solitary_fountain,
          hex_tiny
D:3:      layout_basic, gammafunk_ghost_cemetery, serial_corexii_hall,
          corexii_hall_statues_s, corexii_hall_statues_t, st_stairs_7,
          uniq_robin
D:4:      layout_basic
D:5:      layout_loops_cross, hangedman_decor_slide_cut, uniq_menkaure
D:6:      layout_loops_ring, minmay_temple_entry_stoned_glass,
          minmay_fractal_squares_diagonal_5, uniq_maggie

Skill      XL: |  1  2  3  4  5  6 |
---------------+-------------------+-----
Short Blades   | 2 3 4 5 |  5.0
Stealth        | 5 |  5.0
Fighting       | 4 |  4.3
Dodging        | |  1.5

Action                     |  1- 3 |  4- 6 || total
---------------------------+-------+-------++-------
  Melee: Dagger            |    60 |   140 ||   200
         Punch             |       |     5 ||     5
    Use: Scroll            |     1 |       ||     1
   Stab: Sleeping          |     1 |     3 ||     4
 Armour: Leather armour    |    17 |    36 ||    53
  Dodge: Dodged            |    21 |    66 ||    87

Table legend: (Time is in decaauts)
 A = Elapsed time spent in this place.
 B = Non-inter-level travel time spent in this place.
 C = Inter-level travel time spent in this place.
 D = Time resting spent in this place.
 E = Time spent auto-exploring this place.
 F = Levels seen in this place.
 G = Mean time per level.
                   A        B        C        D        E       F      G
               +--------+--------+--------+--------+--------+-----+--------+
         Total |   1723 |   1687 |     36 |    561 |     93 |   5 |  344.6 |
       Dungeon |   1723 |   1687 |     36 |    561 |     93 |   5 |  344.6 |
               +--------+--------+--------+--------+--------+-----+--------+

Top non-repeatable levels by time:
     D:4: 957 daAuts
     D:5: 591 daAuts
     D:3: 81 daAuts
     D:6: 78 daAuts
     D:2: 14 daAuts
